 Dungeon Crawl Stone Soup version 0.18.1-48-g4cf74bf (webtiles) character file.

5175 nikopol the Fighter (level 10, -8/93 HPs)
             Began as a Minotaur Berserker on June 28, 2016.
             Was a High Priest of Trog.
             Killed from afar by Erica (19 damage)
             ... with an orb of energy
             ... on level 8 of the Dungeon.
             The game lasted 00:29:59 (8034 turns).

nikopol the Fighter (Minotaur Berserker)            Turns: 8034, Time: 00:30:00

Health: -8/93      AC: 14    Str: 23    XL:     10   Next: 34%
Magic:  0/9        EV: 15    Int:  4    God:    Trog [*****.]
Gold:   446        SH:  0    Dex: 12    Spells: 0 memorised, 9 levels left

rFire  . . .     SeeInvis .     c - +1 shortbow (evade)
rCold  . . .     Gourm    .     d - +0 ring mail
rNeg   . . .     Faith    .     (shield currently unavailable)
rPois  .         Spirit   +     (helmet restricted)
rElec  .         Dismiss  .     (no cloak)
rCorr  .         Reflect  .     K - +1 pair of gloves
SustAt .         Harm     .     (no boots)
MR     .....                    C - amulet of guardian spirit
Stlth  +.........               (no ring)
                                t - +5 ring of protection

@: lethally poisoned (-8 -> -17), not resistant to hostile enchantments, very
unstealthy
A: retaliatory headbutt, horns 2
a: Berserk, Trog's Hand, Brothers in Arms, Burn Spellbooks, Renounce Religion


You were on level 8 of the Dungeon.
You worshipped Trog.
Trog was extremely pleased with you.
You were hungry.

You visited 1 branch of the dungeon, and saw 8 of its levels.
You also visited: Sewer and Ossuary.

You collected 446 gold pieces.

Inventory:

Hand Weapons
 c - a +1 shortbow of evasion (weapon)
 n - a +0 shortbow
 x - a +0 war axe
Missiles
 D - 154 arrows (quivered)
Armour
 d - a +0 ring mail (worn)
 K - a +1 pair of gloves (worn)
Jewellery
 t - a +5 ring of protection (left hand)
 C - an amulet of guardian spirit (around neck)
 F - an uncursed ring of flight
 G - an uncursed ring of stealth
Wands
 e - a wand of paralysis (9/24)
 y - a wand of digging (15/24)
Scrolls
 b - a scroll of identify
 g - a scroll of magic mapping
 i - 3 scrolls of blinking
 q - 4 scrolls of teleportation
 r - 2 scrolls of remove curse
Potions
 a - a potion of agility {unknown}
 k - a potion of haste
 l - 3 potions of berserk rage
 m - a potion of lignification {unknown}
 o - 4 potions of heal wounds
 v - 6 potions of flight
 w - 14 potions of curing
 z - a potion of brilliance {unknown}
 A - a potion of mutation {unknown}
 B - a potion of resistance {unknown}
 E - 3 potions of might
Comestibles
 f - 5 meat rations
 h - 6 chunks of flesh
 j - 3 slices of pizza
 I - 3 fruits
 O - 2 bread rations


   Skills:
 + Level 10.0 Fighting
 * Level 9.9 Axes
 * Level 3.2 Bows
 + Level 9.0 Armour
 + Level 8.2 Dodging


You had 9 spell levels left.
You didn't know any spells.

Dungeon Overview and Level Annotations

Branches:
Dungeon (8/15)             Temple (0/1) D:6
   Lair: D:8-11

Altars:
Cheibriados
Elyvilon
Fedhas
Kikubaaqudgha
Nemelex Xobeh
Okawaru
Pakellas
Sif Muna
Trog
Vehumet
Xom

Shops:
D:3 }

Annotations:
D:8 Erica


Innate Abilities, Weirdness & Mutations

You reflexively headbutt those who attack you in melee.
You have a pair of horns on your head.


Message History

Press: ? - help, Shift-Dir - straight line, f/p - Erica
Aim: Erica, wielding a scimitar of flaming and wearing a glowing robe (moderately wounded)
You shoot an arrow.
The arrow hits Erica but does no damage.
Erica is moderately wounded.
Erica gestures at you while chanting. The orb of energy hits you!
The orb of energy explodes!
Erica points at you and mumbles some strange words.
The bolt of poison hits you!
You are poisoned.
* * * LOW HITPOINT WARNING * * *
Items here: )))))) [[[[[ ÷
* * * LOW HITPOINT WARNING * * *
You feel sick.
There is a stone staircase leading up, spattered with blood here.
You see here a whip.
You feel sick. Erica gestures at you while chanting.
The orb of energy hits you!
You die...

.(. .PP.. # #.#
...#. #.#(#......#
#.#@#...##.# ..
#..........
....#.#.###.##..
..........(...(#
...#.##[[#..#..
..... #@[# ....
###..##..#####.###
####...÷.[†÷.......
..$...#...###......
......##[.# .....
§...)..#..# ....
.......#))# ...
.......).# ..
§§§P.§...## .


You could see Erica.

Vanquished Creatures
  A death yak (D:8)
  Pikel (D:4)
  The ghost of Bubs the Shield-Bearer, an amateur FoFi of Makhleb (D:4)
  Grinder (D:3)
  Duvessa (D:5)
  Sigmund (D:5)
  Eustachio (D:4)
  A basilisk (D:8)
  A water moccasin (D:7)
  3 slaves (D:4)
  A sky beast (D:7)
  An orc warrior (D:8)
  An ogre (D:4)
  A necrophage (D:8)
  2 crocodiles
  2 centaurs
  An elf zombie (Ossuary)
  Blork the orc (D:5)
  2 big kobolds (Sewer)
  A gnoll sergeant (D:5)
  3 giant frogs
  Dowan (D:5)
  2 scorpions
  A howler monkey (D:6)
  5 wights (D:6)
  2 crimson imps
  3 centaur zombies (Ossuary)
  A human zombie (Ossuary)
  A quasit (D:6)
  2 giant frog skeletons
  2 hounds (D:8)
  2 jellies (D:5)
  8 orc priests
  5 orc wizards
  3 iguanas
  2 worker ants
  2 big kobold zombies (Ossuary)
  A hound zombie (Ossuary)
  3 mummies (Ossuary)
  10 gnolls
  A howler monkey skeleton (D:6)
  5 river rats (Sewer)
  10 adders
  4 shadow imps
  2 oozes
  2 adder zombies (Ossuary)
  An adder skeleton (D:8)
  4 worms
  6 giant geckos
  26 orcs
  10 bats
  4 giant cockroaches
  7 goblins
  4 hobgoblins
  8 jackals
  18 kobolds
  3 quokkas
  8 ball pythons
  4 giant newts
  2 gnoll zombies (Ossuary)
  4 goblin zombies (Ossuary)
  4 hobgoblin zombies (Ossuary)
  4 jackal zombies (Ossuary)
  A kobold zombie (Ossuary)
  An orc zombie (Ossuary)
  A quokka skeleton (D:6)
  6 quokka zombies
  26 rats
  4 rat zombies (Ossuary)
264 creatures vanquished.

Vanquished Creatures (collateral kills)
  An orc wizard (D:8)
  A worker ant (D:8)
  An orc (D:8)
3 creatures vanquished.

Vanquished Creatures (others)
  A slave (D:5)
1 creature vanquished.

Grand Total: 268 creatures vanquished

Notes
Turn   | Place    | Note
--------------------------------------------------------------
     0 | D:1      | nikopol the Minotaur Berserker began the quest for the Orb.
     0 | D:1      | Reached XP level 1. HP: 19/19 MP: 0/0
   262 | D:1      | Reached XP level 2. HP: 27/27 MP: 1/1
   398 | D:1      | Reached XP level 3. HP: 33/33 MP: 2/2
   399 | D:1      | Reached skill level 4 in Fighting
   401 | D:1      | Reached ** piety under Trog
   760 | D:2      | Reached XP level 4. HP: 11/41 MP: 3/3
  1395 | D:2      | Reached XP level 5. HP: 28/47 MP: 4/4
  1575 | D:2      | Reached skill level 5 in Fighting
  2125 | D:3      | Found a glowing drain.
  2132 | Sewer    | Entered a sewer
  2144 | Sewer    | Reached *** piety under Trog
  2243 | Sewer    | Reached XP level 6. HP: 55/56 MP: 5/5
  2317 | Sewer    | Reached skill level 5 in Axes
  2348 | Sewer    | Reached **** piety under Trog
  2823 | D:3      | Noticed Grinder
  2825 | D:3      | Paralysed by Grinder for 5 turns
  2843 | D:3      | Killed Grinder
  2843 | D:3      | Reached skill level 6 in Fighting
  2843 | D:3      | Reached skill level 5 in Armour
  2843 | D:3      | Reached XP level 7. HP: 20/63 MP: 6/6
  3109 | D:3      | Found an oddly glowing altar of Pakellas.
  3109 | D:3      | Found Pakellas's Prime Provisions.
  3194 | D:3      | Found a bloodstained altar of Trog.
  3200 | D:3      | Found a white marble altar of Elyvilon.
  3205 | D:3      | Found an oddly glowing altar of Pakellas.
  3368 | D:4      | Found a sand-covered staircase.
  3374 | Ossuary  | Entered an ossuary
  3471 | Ossuary  | Reached skill level 5 in Dodging
  3984 | D:4      | Found a sparkling altar of Nemelex Xobeh.
  4039 | D:4      | Noticed Pikel
  4046 | D:4      | Killed Pikel
  4046 | D:4      | Reached skill level 7 in Fighting
  4046 | D:4      | Reached XP level 8. HP: 73/73 MP: 7/7
  4317 | D:4      | Noticed Eustachio
  4334 | D:4      | Killed Eustachio
  4582 | D:4      | Noticed Bubs's ghost (amateur FoFi)
  4589 | D:4      | Killed Bubs's ghost
  4589 | D:4      | Reached skill level 8 in Fighting
  4631 | D:5      | Entered Level 5 of the Dungeon
  4633 | D:5      | Noticed Blork the orc
  4880 | D:5      | Killed Blork the orc
  4974 | D:5      | Reached XP level 9. HP: 81/81 MP: 8/8
  5141 | D:5      | Reached ***** piety under Trog
  5145 | D:5      | Noticed Dowan
  5153 | D:5      | Noticed Duvessa
  5157 | D:5      | Killed Dowan
  5168 | D:5      | Killed Duvessa
  5475 | D:5      | Found an iron altar of Okawaru.
  5555 | D:5      | Found an oddly glowing altar of Pakellas.
  5689 | D:5      | Found a snail-covered altar of Cheibriados.
  5798 | D:5      | Noticed Sigmund
  5802 | D:5      | Killed Sigmund
  6089 | D:6      | Reached skill level 9 in Fighting
  6100 | D:6      | Found a staircase to the Ecumenical Temple.
  6195 | D:6      | Received a gift from Trog
  6283 | D:6      | Found a shimmering altar of Xom.
  6315 | D:6      | Found a deep blue altar of Sif Muna.
  6317 | D:6      | Found an ancient bone altar of Kikubaaqudgha.
  6317 | D:6      | Found a radiant altar of Vehumet.
  7586 | D:8      | Reached skill level 1 in Bows
  7621 | D:8      | Reached XP level 10. HP: 62/92 MP: 7/9
  7668 | D:8      | Noticed a death yak
  7923 | D:8      | Killed a death yak
  7923 | D:8      | Reached skill level 10 in Fighting
  8018 | D:8      | Found a blossoming altar of Fedhas.
  8025 | D:8      | Noticed Erica
  8034 | D:8      | Killed from afar by Erica

Skill      XL: |  1  2  3  4  5  6  7  8  9 10 |
---------------+-------------------------------+-----
Armour         | 3 4 5 6 7 8 9 |  9.0
Fighting       | 4 5 6 7 8 9 10 | 10.0
Axes           | 4 5 6 7 9 |  9.9
Dodging        | 3 4 6 7 8 |  8.2
Bows           | 1 3 |  3.2

Action                   |  1- 3 |  4- 6 |  7- 9 | 10-12 || total
-------------------------+-------+-------+-------+-------++-------
Melee: Hand axe          |    67 |   155 |   369 |       ||   591
       Headbutt          |    12 |    29 |    94 |    11 ||   146
       War axe           |       |       |    53 |    42 ||    95
 Fire: Shortbow          |       |       |    22 |    10 ||    32
Invok: Berserk           |     1 |       |     5 |     2 ||     8
       Burn Spellbooks   |       |       |     3 |       ||     3
       Brothers in Arms  |       |       |       |     1 ||     1
  Use: Scroll            |       |     2 |    17 |       ||    19
  Eat: Chunk             |       |     7 |    20 |     3 ||    30
       Beef jerky        |       |       |     1 |       ||     1
Armor: Ring mail         |    33 |    51 |   124 |    21 ||   229
       Leather armour    |       |       |    18 |       ||    18
Dodge: Dodged            |    52 |   109 |   240 |    38 ||   439
